 Dungeon Crawl Stone Soup version 0.17-a0-1007-gb2305a1 (webtiles) character file.

168 Jine the Covered (level 5, -8/41 HPs)
             Began as a Human Fighter on May 13, 2015.
             Mangled by Jine's ghost (10 damage)
             ... on level 3 of the Dungeon.
             The game lasted 00:10:33 (2727 turns).

Jine the Covered (Human Fighter)                    Turns: 2727, Time: 00:10:34

Health: -8/41      AC:  7    Str: 18    XL:     5   Next: 78%
Magic:  5/5        EV: 10    Int:  8    God:
Gold:   162        SH:  9    Dex: 12    Spells: 0 memorised, 4 levels left

rFire  . . .     SeeInvis .     a - +0 flail
rCold  . . .     Clarity  .     b - +0 scale mail
rNeg   . . .     SustAb   .     c - +0 shield
rPois  .         Gourm    .     (no helmet)
rElec  .         Spirit   .     (no cloak)
rCorr  .         Warding  .     (no gloves)
rMut   .         Stasis   .     (no boots)
MR     .....                    (no amulet)
Stlth  ..........               q - ring of invisibility
                                w - +2 ring of evasion

@: not resistant to hostile enchantments, extremely unstealthy
A: no striking features
a: Evoke Invisibility


You were on level 3 of the Dungeon.
You were not hungry.

You visited 1 branch of the dungeon, and saw 3 of its levels.
You also visited: Sewer.

You collected 162 gold pieces.

Inventory:

Hand weapons
 a - a +0 flail (weapon)
 e - a +0 whip
 m - a +0 hunting sling of flaming
 o - a +0 spear
 r - a +0 whip
Armour
 b - a +0 scale mail (worn)
 c - a +0 shield (worn)
 u - a +0 leather armour
Jewellery
 q - a ring of invisibility (right hand)
 w - a +2 ring of evasion (left hand)
Scrolls
 g - 2 scrolls of fear {unknown}
 h - a scroll of identify
 k - 3 scrolls of remove curse
 s - a scroll of teleportation
Potions
 d - a potion of might
 i - 4 potions of curing {unknown}
 l - 2 potions of flight {unknown}
 n - a potion of lignification {unknown}
 p - 3 potions of heal wounds {unknown}
 t - 2 potions of brilliance {unknown}
Comestibles
 f - 2 fruits
 j - a bread ration
 v - a beef jerky


   Skills:
 + Level 3.5 Fighting
 + Level 2.5 Maces & Flails
 + Level 4.0 Armour
 + Level 1.9 Dodging
 + Level 0.4 Stealth
 + Level 4.0 Shields


You had 4 spell levels left.
You didn't know any spells.

Dungeon Overview and Level Annotations

Branches:
Dungeon (3/15)

Altars:

Annotations:
D:3 Jine's ghost, average TrMo


Message History

Jine's ghost is heavily damaged.
You block Jine's ghost's attack.
You hit Jine's ghost but do no damage.
Jine's ghost is heavily damaged.
Jine's ghost closely misses you.
You barely miss Jine's ghost.
Jine's ghost is heavily damaged.
Jine's ghost hits you! x2
* * * LOW HITPOINT WARNING * * *
You hit Jine's ghost.
Jine's ghost is heavily damaged.
You block Jine's ghost's attack.
You hit Jine's ghost.
Jine's ghost is heavily damaged.
Jine's ghost hits you.
* * * LOW HITPOINT WARNING * * *
Your shield and scale mail prevent you from hitting Jine's ghost.
Jine's ghost is heavily damaged.
Jine's ghost hits you!
You die...

#..#≈≈≈≈#.#.#
#..#≈≈≈≈#.#.# #
##.##≈≈##.#.#.#
#..#≈≈#..#.#.#
###+.'##'......#
#........###.###
#.......+......#
#.......####.#.#
#.......# #@#...
#.......####W#
###
#.......##Kgg#
#.......##.#.#
#.....>###'###
#......# . .. #.
#.


You could see Jine's ghost, a gnoll and a hobgoblin.

Vanquished Creatures
  A big kobold (Sewer)
  2 adders (D:2)
  A river rat (Sewer)
  2 worms
  11 bats
  6 giant cockroaches
  7 goblins
  6 hobgoblins
  13 kobolds
  5 giant newts
  6 rats
60 creatures vanquished.

Notes
Turn   | Place    | Note
--------------------------------------------------------------
     0 | D:1      | Jine the Human Fighter began the quest for the Orb.
     0 | D:1      | Reached XP level 1. HP: 18/18 MP: 1/1
   129 | D:1      | Reached XP level 2. HP: 16/24 MP: 2/2
   430 | D:1      | Reached XP level 3. HP: 29/29 MP: 3/3
  1200 | D:2      | Reached skill level 1 in Dodging
  1200 | D:2      | Reached XP level 4. HP: 16/35 MP: 4/4
  2268 | D:3      | Found a glowing drain.
  2272 | Sewer    | Entered a sewer
  2479 | Sewer    | Noticed a big kobold
  2489 | Sewer    | Killed a big kobold
  2489 | Sewer    | Reached skill level 4 in Armour
  2489 | Sewer    | Reached XP level 5. HP: 23/41 MP: 5/5
  2632 | Sewer    | Found a white marble altar of Elyvilon.
  2701 | D:3      | Noticed Jine's ghost (average TrMo)
  2726 | D:3      | HP: 2/41 [Jine's ghost (2)]
  2727 | D:3      | Mangled by Jine's ghost

Vault maps used:
D:1:      enne_arrival_octagon_isle
D:3:      gup_sewer_entry_bowl, cheibriados_altar_wand_db, uniq_iyjb
Sewer:    sewer_kobolds

Action                   |  1- 3 |  4- 6 || total
-------------------------+-------+-------++-------
Melee: Flail             |   124 |   140 ||   264
  Use: Scroll            |     6 |       ||     6
  Eat: Bread ration      |     1 |     1 ||     2
